cohdb
Replays
Latest Replays
All Replays
Popular Replays
Top Player Replays
Match Explorer
How It Works
Community
CoH3 Stats
Reddit
Sign in to upload your games and track your stats! →
Sign in with Steam
Match 42546169
Unlisted
Match 42546169
Overview
Messages
Build Orders
End
Construct Section Command Post
Selects Air and Sea Battlegroup
Dingo Light Scout Car
Dingo Light Scout Car
Dingo Light Scout Car
Dingo Light Scout Car
Selects Supply Surplus
Construct Resource Cache
Construct Resource Cache
Construct Resource Cache
Construct Resource Cache
Construct Resource Cache
Construct Platoon Command Post
Selects UNKNOWN (223837)
Construct Company Command Post
Infantry Section
Infantry Section
Infantry Training
Unlock Towed 17-pounder Anti-tank Guns
Infantry Section
Construct Resource Cache
Construct Resource Cache
17-pounder Anti-tank Gun Team
Construct Resource Cache
Forward Retreat Point
HelloFriends :D
Tarkorotsu
wila
LittleFatty233
Rice Cat
ToxicCheeseMan
干死日本鬼子
小妖
0
0
Comments
sign in to comment!
No comments posted yet!